AoeStats
← Nils

Arabia

508909649Analyzed
3v3 RM · 9d ago on Sep 24, 2026· 60m 17s· 6 players
Game mode
Random Map
Map size
Normal (6 player)
Population
200
Speed
Normal
Resources
Standard
Victory
Conquest
Starting age
Dark Age
Ending age
Imperial Age
RankedLock teamsTeams togetherTeam positionsShared explorationLock speedFull tech treeHidden civsTurbo modeCheats
Victory
Defeat
🇩🇪 Vikings · Germany
1039
+6
🇩🇪 Byzantines · Germany
734
+30
🇩🇪 Britons · Germany
677
+18
🇺🇸 Teutons · United States
770
-14
🇹🇷 Maya · Türkiye
757
-13
🇮🇹 Goths · Italy
748
-13
MurphsLaaww
8:34 Loom
11:53 Feudal Age
12:16 Horse Collar
16:34 Bloodlines
18:09 Forging
18:36 Scale Barding Armor
24:03 Castle Age
grandeakcen
10:20 Feudal Age
11:38 Wheelbarrow
12:53 Double-Bit Axe
15:47 Horse Collar
25:16 Castle Age
25:37 Gold Mining
25:40 Stone Mining
26:15 Hand Cart
26:17 Bow Saw
26:10 Heavy Plow
26:44 Fletching
26:55 Padded Archer Armor
27:57 Pikeman
30:29 Thumb Ring
29:45 Elite Skirmisher
31:27 Bodkin Arrow
31:48 Leather Archer Armor
31:49 Masonry
35:43 Forging
43:35 Squires
42:57 Eagle Warrior
44:48 Iron Casting
44:13 Scale Mail Armor
46:19 Ballistics
48:57 Chain Mail Armor
49:20 Arson
50:17 Town Watch
54:36 Imperial Age
56:22 Chemistry
56:01 Holcans
56:10 Bracer
56:44 Elite Eagle Warrior
psycho93
0:28 Loom
13:59 Feudal Age
15:35 Wheelbarrow
14:42 Horse Collar
14:55 Double-Bit Axe
16:52 Stone Mining
18:02 Gold Mining
22:33 Castle Age
21:46 Forging
21:36 Scale Mail Armor
22:33 Fishing Lines
22:40 Pikeman
23:20 Squires
24:30 Heavy Plow
26:37 Caravan
27:13 Bow Saw
28:11 Gillnets
31:01 Stone Shaft Mining
33:59 Imperial Age
31:52 Town Watch
32:23 Hand Cart
33:16 Anarchy
33:42 Fletching
35:51 Iron Casting
36:19 Crop Rotation
36:38 Perfusion
36:59 Conscription
37:55 Two-Man Saw
38:47 Halberdier
38:50 Elite Huskarl
40:45 Blast Furnace
40:01 Chain Mail Armor
40:29 Treadmill Crane
41:12 Ballistics
41:52 Chemistry
53:21 Murder Holes
55:59 Heavy Scorpion
svelehe
12:53 Feudal Age
15:05 Double-Bit Axe
19:23 Wheelbarrow
24:27 Castle Age
23:17 Gold Mining
23:18 Stone Mining
25:45 Hand Cart
26:11 Stone Shaft Mining
26:11 Gold Shaft Mining
27:12 Scale Barding Armor
27:20 Forging
32:55 Imperial Age
30:53 Horse Collar
35:28 Chain Barding Armor
43:09 Plate Barding Armor
43:12 Iron Casting
45:50 Hoardings
50:24 Conscription
53:17 Elite Cataphract
54:45 Caravan
Mavto
7:19 Loom
9:41 Feudal Age
11:42 Double-Bit Axe
16:03 Castle Age
15:06 Horse Collar
16:16 Scale Barding Armor
17:36 Forging
21:53 Town Watch
24:04 Heavy Plow
31:49 Squires
31:35 Arson
31:59 Scale Mail Armor
35:46 Iron Casting
35:48 Gold Mining
37:07 Town Patrol
38:17 Chain Mail Armor
40:18 Fletching
43:07 Imperial Age
44:12 Conscription
43:17 Heavy Scorpion
45:31 Elite Varangian Guard
49:15 Ballistics
51:21 Blast Furnace
50:51 Plate Mail Armor
50:27 Caravan
50:50 Light Cavalry
52:14 Chain Barding Armor
53:49 Bodkin Arrow
60:34 Crop Rotation
60:19 Bow Saw
Nils
0:26 Loom
13:27 Feudal Age
14:07 Double-Bit Axe
14:05 Horse Collar
24:22 Castle Age
22:43 Gold Mining
22:44 Stone Mining
25:28 Bow Saw
25:30 Forging
25:20 Scale Mail Armor
25:24 Padded Archer Armor
27:21 Pikeman
32:23 Chain Mail Armor
32:23 Leather Archer Armor
31:59 Fletching
40:00 Squires
39:49 Arson
46:47 Imperial Age
46:53 Bodkin Arrow
47:34 Iron Casting
54:57 Halberdier
Connection lost

Rejoining the realm…

Still unreachable

The connection could not be restored.

Session expired

The server has moved on; the page needs a fresh start.